3AA
OTTAWA NATIONALS @ SAN ANTONIO BC
08/18/2022
 
TOP OF THE 1ST
Ottawa Nationals batting - Pitching for San Antonio BC : LHP Howard Ventura
Pitching: LHP Howard Ventura
Batting: RHB Francisco Morales 0-0: Swinging Strike
0-1: Called Strike
0-2: Ball
1-2: Ball
2-2: Ball
3-2: Base on Balls
Batting: RHB Noel Wells 0-0: Ball
1-0: Called Strike
1-1: Ball
2-1: Called Strike
2-2: Ball
3-2: Base on Balls
Francisco Morales to second
Batting: RHB Rodrigo Pagán 0-0: Foul Ball, location: 2F
0-1: Ball
1-1: Swinging Strike
1-2: DOUBLE (Line Drive, 7LM)
Francisco Morales scores
Noel Wells to third
Batting: RHB José Icaza 0-0: Fly out, F6 (Line Drive, 56)
0-0: Lined into DP, 6-5 (Line Drive, 56)
Batting: LHB Tony Ríos 0-0: Ball
1-0: Swinging Strike
1-1: Foul Ball, location: 2F
1-2: Ball
2-2: Ground out 5-3 (Groundball, 15S)
Top of the 1st over - 1 run(s), 1 hit(s), 0 error(s), 1 left on base; Ottawa 1 - San Antonio 0
BOTTOM OF THE 1ST
San Antonio BC batting - Pitching for Ottawa Nationals : RHP Ángelo Cabrera
Pitching: RHP Ángelo Cabrera
Batting: RHB Albert Delgado 0-0: Ground out 6-3 (Groundball, 6M)
Batting: SHB Xavier Vásquez 0-0: Ball
1-0: Called Strike
1-1: Ball
2-1: Ball
3-1: Base on Balls
Batting: LHB Enrique Sánchez 0-0: Ball
1-0: Ball
2-0: Foul Ball, location: 2F
2-1: SINGLE (Line Drive, 4M)
Xavier Vásquez to second
Batting: RHB Orlando Padilla 0-0: Swinging Strike
0-1: Ball
1-1: Swinging Strike
1-2: Fly out, F9 (Flyball, 9S)
Batting: RHB Alfredo Rivera 0-0: Called Strike
0-1: Ball
1-1: Swinging Strike
1-2: Foul Ball, location: 2F
1-2: Strikes out swinging
Bottom of the 1st over - 0 run(s), 1 hit(s), 0 error(s), 2 left on base; Ottawa 1 - San Antonio 0
TOP OF THE 2ND
Ottawa Nationals batting - Pitching for San Antonio BC : LHP Howard Ventura
Batting: RHB Luke Turner 0-0: Ball
1-0: SINGLE (Groundball, 5L)
Batting: LHB Jerry Burnett 0-0: Called Strike
0-1: Swinging Strike
0-2: Ball
1-2: Strikes out swinging
Batting: RHB Dan Curtis 0-0: Called Strike
0-1: Foul Ball, location: 2F
0-2: Ball
1-2: Ball
Luke Turner steals 2nd base
2-2: Strikes out looking
Batting: LHB Javier Hernández 0-0: Ball
1-0: Ball
2-0: Ball
3-0: Base on Balls
Batting: RHB Francisco Morales 0-0: Called Strike
0-1: Ball
1-1: SINGLE (Groundball, 6M) (infield hit)
Luke Turner to third
Javier Hernández to second
Batting: RHB Noel Wells 0-0: SINGLE (Groundball, 6MD)
Luke Turner scores
Javier Hernández to third
Francisco Morales to second
Runner from 3rd tries for Home, SAFE, no throw or cutoff
Batting: RHB Rodrigo Pagán 0-0: Ground out 4-3 (Groundball, 4)
Top of the 2nd over - 2 run(s), 3 hit(s), 0 error(s), 2 left on base; Ottawa 3 - San Antonio 0
BOTTOM OF THE 2ND
San Antonio BC batting - Pitching for Ottawa Nationals : RHP Ángelo Cabrera
Batting: SHB Mike Peña 0-0: Ball
1-0: SOLO HOME RUN (Flyball, 89XD), Distance : 404 ft
Batting: RHB Joseph Gray 0-0: Ball
1-0: Foul Ball, location: 2F
1-1: Called Strike
1-2: Ball
2-2: Foul Ball, location: 2F
2-2: Ball
3-2: Fly out, F8 (Flyball, 8RM)
Batting: LHB Álex Ramírez 0-0: Ball
1-0: Ball
2-0: Fly out, F8 (Flyball, 8RM)
Batting: RHB Martín Álvarez 0-0: Called Strike
0-1: Foul Ball, location: 2F
0-2: Foul Ball, location: 2F
0-2: Ground out 5-3 (Groundball, 56S)
Bottom of the 2nd over - 1 run(s), 1 hit(s), 0 error(s), 0 left on base; Ottawa 3 - San Antonio 1
TOP OF THE 3RD
Ottawa Nationals batting - Pitching for San Antonio BC : LHP Howard Ventura
Batting: RHB José Icaza 0-0: Ball
1-0: Ball
2-0: Swinging Strike
2-1: Foul Ball, location: 2F
2-2: DOUBLE (Line Drive, 7D) - OUT at third base trying to stretch hit.
Batting: LHB Tony Ríos 0-0: Ball
1-0: Ball
2-0: Ground out 4-3 (Groundball, 4)
Batting: RHB Luke Turner 0-0: Ball
1-0: Ball
2-0: Fly out, F5 (Line Drive, 5F)
Top of the 3rd over - 0 run(s), 1 hit(s), 0 error(s), 0 left on base; Ottawa 3 - San Antonio 1
BOTTOM OF THE 3RD
San Antonio BC batting - Pitching for Ottawa Nationals : RHP Ángelo Cabrera
Batting: RHB Albert Delgado 0-0: Ground out 6-3 (Groundball, 6M)
Batting: SHB Xavier Vásquez 0-0: Called Strike
0-1: DOUBLE (Line Drive, 9LS)
Batting: LHB Enrique Sánchez 0-0: Fly out, F7 (Flyball, 7M)
Batting: RHB Orlando Padilla 0-0: Foul Ball, location: 2F
0-1: Called Strike
0-2: Ball
1-2: Ball
2-2: Foul Ball, location: 2F
2-2: Fly out, F2 (Popup, 2LF)
Bottom of the 3rd over - 0 run(s), 1 hit(s), 0 error(s), 1 left on base; Ottawa 3 - San Antonio 1
TOP OF THE 4TH
Ottawa Nationals batting - Pitching for San Antonio BC : LHP Howard Ventura
Batting: LHB Jerry Burnett 0-0: Ball
1-0: Ball
2-0: Fly out, F6 (Line Drive, 6M)
Batting: RHB Dan Curtis 0-0: Ground out 6-3 (Groundball, 6)
Batting: LHB Javier Hernández 0-0: Ball
1-0: Fly out, F7 (Flyball, 78S)
Top of the 4th over - 0 run(s), 0 hit(s), 0 error(s), 0 left on base; Ottawa 3 - San Antonio 1
BOTTOM OF THE 4TH
San Antonio BC batting - Pitching for Ottawa Nationals : RHP Ángelo Cabrera
Batting: RHB Alfredo Rivera 0-0: Ball
1-0: Ball
2-0: Called Strike
2-1: Ball
3-1: Base on Balls
Batting: SHB Mike Peña 0-0: Called Strike
0-1: Foul Ball, location: 2F
0-2: Fly out, F5 (Line Drive, 5)
Batting: RHB Joseph Gray 0-0: Ball
Alfredo Rivera is caught stealing 2nd base
1-0: Called Strike
1-1: Ball
2-1: Foul Ball, location: 2F
2-2: Foul Ball, location: 2F
2-2: Ball
3-2: SINGLE (Groundball, 56)
Batting: LHB Álex Ramírez 0-0: Called Strike
0-1: Ball
1-1: Swinging Strike
1-2: Foul Ball, location: 2F
1-2: Foul Ball, location: 2F
1-2: Ball
2-2: Ball
3-2: Fly out, F6 (Line Drive, 6M)
Bottom of the 4th over - 0 run(s), 1 hit(s), 0 error(s), 1 left on base; Ottawa 3 - San Antonio 1
TOP OF THE 5TH
Ottawa Nationals batting - Pitching for San Antonio BC : LHP Howard Ventura
Batting: RHB Francisco Morales 0-0: Called Strike
0-1: Hit by Pitch
Batting: RHB Noel Wells 0-0: Ball
Pickoff Throw to First - Error! E1
Francisco Morales to second
1-0: Ball
2-0: Swinging Strike
2-1: Ball
3-1: Base on Balls
Batting: RHB Rodrigo Pagán 0-0: Called Strike
0-1: Foul Ball, location: 2F
0-2: Strikes out swinging
Batting: RHB José Icaza 0-0: Ball
1-0: Ball
2-0: Ball
3-0: Base on Balls
Francisco Morales to third
Noel Wells to second
Batting: LHB Tony Ríos 0-0: Fielders Choice at 2nd, U4 (Groundball, 4)
Francisco Morales scores
Noel Wells to third
Batting: RHB Luke Turner 0-0: Called Strike
0-1: Called Strike
0-2: Fly out, F8 (Flyball, 8RM)
Top of the 5th over - 1 run(s), 0 hit(s), 1 error(s), 2 left on base; Ottawa 4 - San Antonio 1
BOTTOM OF THE 5TH
San Antonio BC batting - Pitching for Ottawa Nationals : RHP Ángelo Cabrera
Batting: RHB Martín Álvarez 0-0: Called Strike
0-1: Ground out 6-3 (Groundball, 6)
Batting: RHB Albert Delgado 0-0: Ball
1-0: Foul Ball, location: 2F
1-1: Ball
2-1: Called Strike
2-2: Fly out, F3 (Popup, 3)
Batting: SHB Xavier Vásquez 0-0: Called Strike
0-1: Foul Ball, location: 2F
0-2: Foul Ball, location: 2F
0-2: Foul Ball, location: 2F
0-2: DOUBLE (Flyball, 89D)
Batting: LHB Enrique Sánchez 0-0: Ball
1-0: Ball
2-0: Fly out, F6 (Popup, 6MD)
Bottom of the 5th over - 0 run(s), 1 hit(s), 0 error(s), 1 left on base; Ottawa 4 - San Antonio 1
TOP OF THE 6TH
Ottawa Nationals batting - Pitching for San Antonio BC : LHP Howard Ventura
Batting: LHB Jerry Burnett 0-0: Called Strike
0-1: Ground out 5-3 (Groundball, 5S)
Batting: RHB Dan Curtis 0-0: Foul Ball, location: 2F
0-1: Ball
1-1: Foul Ball, location: 2F
1-2: Ball
2-2: Ball
3-2: Base on Balls
Batting: LHB Javier Hernández 0-0: Called Strike
0-1: Ball
1-1: Hit by Pitch
Dan Curtis to second
Batting: RHB Francisco Morales 0-0: Ball
1-0: Ball
2-0: Ball
3-0: Base on Balls
Dan Curtis to third
Javier Hernández to second
Batting: RHB Noel Wells 0-0: Ball
1-0: Called Strike
1-1: Called Strike
1-2: Strikes out swinging
Batting: RHB Rodrigo Pagán 0-0: Ball
1-0: Called Strike
1-1: SINGLE (Groundball, 3D)
Dan Curtis scores
Javier Hernández to third
Francisco Morales to second
Runner from 3rd tries for Home, SAFE, no throw or cutoff
Pitching: RHP Pedro Poey
Batting: RHB José Icaza 0-0: Ball
1-0: Ground out 5-3 (Groundball, 5)
Top of the 6th over - 2 run(s), 1 hit(s), 0 error(s), 2 left on base; Ottawa 6 - San Antonio 1
BOTTOM OF THE 6TH
San Antonio BC batting - Pitching for Ottawa Nationals : RHP Ángelo Cabrera
Batting: RHB Orlando Padilla 0-0: Ball
1-0: Fly out, F8 (Line Drive, 8LM)
Batting: RHB Alfredo Rivera 0-0: Fly out, F9 (Flyball, 9S)
Batting: SHB Mike Peña 0-0: Foul Ball, location: 2F
0-1: Ball
1-1: Ball
2-1: SINGLE (Line Drive, 8LS)
Batting: RHB Joseph Gray 0-0: Ball
1-0: Ball
2-0: Ball
3-0: Base on Balls
Mike Peña to second
Batting: LHB Álex Ramírez 0-0: Ball
1-0: Called Strike
1-1: Fly out, F8 (Popup, 6MD)
Bottom of the 6th over - 0 run(s), 1 hit(s), 0 error(s), 2 left on base; Ottawa 6 - San Antonio 1
TOP OF THE 7TH
Ottawa Nationals batting - Pitching for San Antonio BC : RHP Pedro Poey
Batting: LHB Tony Ríos 0-0: Ball
1-0: Swinging Strike
1-1: Called Strike
1-2: Ball
2-2: Fly out, F7 (Flyball, 7LM)
Batting: RHB Luke Turner 0-0: Ball
1-0: Foul Ball, location: 2F
1-1: Called Strike
1-2: Foul Ball, location: 2F
1-2: Ball
2-2: Ball
3-2: SINGLE (Line Drive, 89S)
Batting: LHB Jerry Burnett 0-0: Ball
1-0: Called Strike
1-1: Ball
2-1: Fly out, F8 (Flyball, 78D)
Batting: RHB Dan Curtis 0-0: Called Strike
0-1: Swinging Strike
0-2: Ball
Luke Turner is caught stealing 2nd base
Top of the 7th over - 0 run(s), 1 hit(s), 0 error(s), 0 left on base; Ottawa 6 - San Antonio 1
BOTTOM OF THE 7TH
San Antonio BC batting - Pitching for Ottawa Nationals : RHP Ángelo Cabrera
Batting: RHB Martín Álvarez 0-0: Ball
1-0: Called Strike
1-1: Swinging Strike
1-2: Ball
2-2: Foul Ball, location: 2F
2-2: Strikes out looking
Batting: RHB Albert Delgado 0-0: Ball
1-0: Foul Ball, location: 2F
1-1: Foul Ball, location: 2F
1-2: Ball
2-2: Fly out, F7 (Flyball, 78M)
Batting: SHB Xavier Vásquez 0-0: Ball
1-0: Ball
2-0: Swinging Strike
2-1: Ball
3-1: Base on Balls
Pitching: LHP Zach Walter
Batting: LHB Enrique Sánchez 0-0: Called Strike
0-1: SINGLE (Flyball, 89S)
Xavier Vásquez to second
Throwing error, E9
Xavier Vásquez scores
Enrique Sánchez to second
Batting: RHB Orlando Padilla 0-0: Ball
1-0: Called Strike
1-1: Ball
2-1: Reached on error, E6 (Groundball, 6)
Enrique Sánchez to third
Batting: RHB Alfredo Rivera 0-0: Ball
1-0: Called Strike
1-1: Called Strike
1-2: Foul Ball, location: 2F
1-2: Foul Ball, location: 2F
1-2: Strikes out swinging
Bottom of the 7th over - 1 run(s), 1 hit(s), 2 error(s), 2 left on base; Ottawa 6 - San Antonio 2
TOP OF THE 8TH
Ottawa Nationals batting - Pitching for San Antonio BC : RHP Pedro Poey
Batting: RHB Dan Curtis 0-0: SINGLE (Groundball, 34D)
Batting: LHB Javier Hernández 0-0: Sac Bunt - play at first, batter OUT! 1-4
Dan Curtis to second
Batting: RHB Francisco Morales 0-0: Ball
1-0: Ball
2-0: Ball
Wild Pitch!
Dan Curtis to third
3-0: Base on Balls
Batting: RHB Noel Wells 0-0: Ball
1-0: Ball
2-0: Ball
3-0: Called Strike
3-1: SINGLE (Line Drive, 78S)
Dan Curtis scores
Francisco Morales to second
Batting: RHB Rodrigo Pagán 0-0: Ball
1-0: Grounds into double play, 5-4-3 (Groundball, 56)
Top of the 8th over - 1 run(s), 2 hit(s), 0 error(s), 1 left on base; Ottawa 7 - San Antonio 2
BOTTOM OF THE 8TH
San Antonio BC batting - Pitching for Ottawa Nationals : LHP Zach Walter
Batting: SHB Mike Peña 0-0: Fly out, F2 (Popup, 2LF)
Batting: RHB Joseph Gray 0-0: Ball
1-0: Ball
2-0: Foul Ball, location: 2F
2-1: Fly out, F5 (Line Drive, 5S)
Batting: LHB Álex Ramírez 0-0: Ball
1-0: Ball
2-0: Called Strike
2-1: Ball
3-1: Foul Ball, location: 2F
3-2: Fly out, F9 (Line Drive, 89M)
Bottom of the 8th over - 0 run(s), 0 hit(s), 0 error(s), 0 left on base; Ottawa 7 - San Antonio 2
TOP OF THE 9TH
Ottawa Nationals batting - Pitching for San Antonio BC : RHP Pedro Poey
Batting: RHB José Icaza 0-0: Foul Ball, location: 2F
0-1: SINGLE (Line Drive, 56)
Batting: LHB Tony Ríos 0-0: Called Strike
0-1: Foul Ball, location: 2F
0-2: Ball
1-2: Foul Ball, location: 2F
1-2: Fly out, F8 (Flyball, 8RXD)
Batting: RHB Luke Turner 0-0: Ball
1-0: Ball
2-0: Foul Ball, location: 2F
2-1: Foul Ball, location: 2F
2-2: Strikes out looking
Batting: LHB Jerry Burnett 0-0: Called Strike
0-1: Ball
1-1: Foul Ball, location: 2F
1-2: Foul Ball, location: 2F
1-2: Foul Ball, location: 2F
1-2: Strikes out swinging
Top of the 9th over - 0 run(s), 1 hit(s), 0 error(s), 1 left on base; Ottawa 7 - San Antonio 2
BOTTOM OF THE 9TH
San Antonio BC batting - Pitching for Ottawa Nationals : LHP Zach Walter
Batting: RHB Martín Álvarez 0-0: Foul Ball, location: 2F
0-1: Ball
1-1: Ground out 6-3 (Groundball, 6S)
Batting: RHB Albert Delgado 0-0: Foul Ball, location: 2F
0-1: Fly out, F3 (Popup, 3SF)
Batting: SHB Xavier Vásquez 0-0: Called Strike
0-1: Foul Ball, location: 2F
0-2: Ball
1-2: Ball
2-2: Ball
3-2: Base on Balls
Batting: LHB Enrique Sánchez 0-0: Swinging Strike
0-1: Foul Ball, location: 2F
0-2: SINGLE (Groundball, 4MD)
Xavier Vásquez to second
Runner from 2nd tries for 3rd, SAFE, throw made to third
Batting: RHB Orlando Padilla 0-0: Ball
1-0: Ball
2-0: Ball
3-0: Base on Balls
Enrique Sánchez to second
Pitching: RHP Edwin Ellis
Batting: RHB Alfredo Rivera 0-0: Called Strike
0-1: Fly out, F1 (Popup, 25)
Bottom of the 9th over - 0 run(s), 1 hit(s), 0 error(s), 3 left on base; Ottawa 7 - San Antonio 2
This league is powered by Out of the Park Baseball, the baseball management simulation game for PC, Mac and Linux
Friday, April 15th, 2016 - OOTP Baseball 16.9 Build 39